AoeStats
← 散步黑鵝

Nomad

509061385Analyzed
4v4 RM · 8d ago on Sep 25, 2026· 21m 17s· 8 players
Game mode
Random Map
Map size
231×231
Population
200
Speed
Normal
Resources
Standard
Victory
Conquest
Starting age
Dark Age
Ending age
Imperial Age
RankedLock teamsTeams togetherTeam positionsShared explorationLock speedFull tech treeHidden civsTurbo modeCheats
Victory
Defeat
🇨🇳 Persians · China
1861
+22
🇨🇳 Danes · China
1649
+28
🇺🇸 Mapuche · United States
1565
+29
🇧🇴 Wu · Bolivia
1550
+28
🇹🇼 Varangians · Taiwan
2103
-31
🇹🇼 Varangians · Taiwan
2091
-29
🇹🇼 Vietnamese · Taiwan
2054
-29
🇹🇼 Danes · Taiwan
1658
-18
[ECU] Pendeck's
9:33 Loom
13:24 Feudal Age
14:06 Double-Bit Axe
16:58 Fletching
BeardyMan37
5:08 Loom
14:41 Feudal Age
20:53 Fletching
赢了就睡觉
12:39 Feudal Age
16:16 Castle Age
14:15 Fishing Lines
15:37 Loom
15:44 Double-Bit Axe
16:13 Fletching
17:10 Bodkin Arrow
18:24 Town Watch
19:14 Wheelbarrow
十大地方
5:56 Loom
14:44 Feudal Age
15:34 Double-Bit Axe
20:29 Castle Age
21:17 Fletching
白龍
8:22 Loom
13:35 Feudal Age
18:08 Castle Age
16:11 Double-Bit Axe
17:24 Gold Mining
19:00 Medium Warships
19:49 Bow Saw
21:05 Wheelbarrow
山米爾
10:54 Loom
11:34 Loom
13:33 Feudal Age
17:14 Castle Age
15:19 Double-Bit Axe
17:19 Gold Mining
18:10 Medium Warships
18:22 Bow Saw
19:22 Town Watch
20:02 Fletching
20:46 Bodkin Arrow
Rayz
6:50 Loom
散步黑鵝
5:26 Loom
15:50 Feudal Age
18:01 Fletching
18:21 Forging
20:21 Castle Age
18:32 Gold Mining
20:17 Double-Bit Axe
21:15 Medium Warships
21:17 Bow Saw
Connection lost

Rejoining the realm…

Still unreachable

The connection could not be restored.

Session expired

The server has moved on; the page needs a fresh start.